 Dungeon Crawl Stone Soup version 0.28.0-1-gb440e238dd (webtiles) character file.

Game seed: 10491193734631119199

9943 danielguo94 the Basher (level 11, -9/71 HPs)
             Began as a Gargoyle Berserker on Feb 19, 2022.
             Was a Priest of Trog.
             Mangled by a death yak (10 damage)
             ... on level 9 of the Dungeon.
             The game lasted 00:13:20 (12500 turns).

danielguo94 the Basher (Gargoyle Berserker)        Turns: 12500, Time: 00:13:21

Health: -9/71      AC: 20    Str: 22    XL:     11   Next: 54%
Magic:  11/11      EV:  9    Int:  9    God:    Trog [***...]
Gold:   541        SH:  4    Dex: 11    Spells: 10/10 levels left

rFire   . . .      SeeInvis .   y - +4 flail
rCold   . . .      Faith    .   p - +0 buckler
rNeg    + . .      Spirit   .   g - +0 chain mail
rPois   ∞          Reflect  .   (no helmet)
rElec   +          Harm     .   (no cloak)
rCorr   .          Rampage  .   (no gloves)
Will    ++...                   (no boots)
Stlth   ..........              (no amulet)
HPRegen 1.21/turn               (no ring)
MPRegen 0.12/turn               (no ring)

@: strong-willed (expiring), on berserk cooldown, regenerating (expiring),
slowed, very slow
A: sickness immunity, AC +8, negative energy resistance 1, electricity
resistance, torment resistance 1, petrification resistance
a: Renounce Religion, Berserk, Trog's Hand


You were on level 9 of the Dungeon.
You worshipped Trog.
Trog was most pleased with you.
You visited 1 branch of the dungeon, and saw 9 of its levels.
You also visited: Sewer.

You collected 583 gold pieces.
You spent 42 gold pieces at shops.

Inventory:

Hand Weapons
 a - a +1 flail of draining
 y - a +4 flail (weapon)
 B - a +4 war axe
 M - the +7 hand axe of Fee Simple {freeze, rC+}
   (You took it off a kobold on level 8 of the Dungeon)

   It freezes those it strikes, dealing additional cold damage.
   It can also slow down cold-blooded creatures.
   rC:        It protects you from cold.
Missiles
 c - 426 stones (quivered)
 n - 2 javelins
 q - 5 curare-tipped darts
 t - 3 atropa-tipped darts
 F - 22 poisoned darts
 G - 6 boomerangs
Armour
 g - a +0 chain mail (worn)
 p - a +0 buckler (worn)
Jewellery
 j - an amulet of faith
 N - a ring of flight
Wands
 o - a wand of digging (4)
 D - a wand of charming (20)
Scrolls
 b - 2 scrolls of vulnerability
 d - 2 scrolls of fear
 e - 2 scrolls of torment
 h - a scroll of magic mapping
 i - 2 scrolls of teleportation
 k - 3 scrolls of enchant weapon
 l - 3 scrolls of enchant armour {unknown}
 u - a scroll of holy word {unknown}
 v - 2 scrolls of summoning
 H - a scroll of immolation {unknown}
 J - a scroll of brand weapon {unknown}
 K - a scroll of fog {unknown}
 L - a scroll of amnesia {unknown}
Potions
 f - 3 potions of cancellation
 m - 6 potions of curing
 r - a potion of berserk rage
 s - 3 potions of mutation
 w - 3 potions of heal wounds
 x - a potion of brilliance {unknown}
 z - a potion of magic {unknown}
 A - 2 potions of might
 C - 9 potions of degeneration
 E - a potion of flight {unknown}
 I - a potion of invisibility {unknown}
 O - a potion of ambrosia {unknown}


   Skills:
 + Level 9.5 Fighting
 + Level 3.0(7.2) Axes
 + Level 11.3(11.5) Maces & Flails
 + Level 11.1 Armour
 + Level 3.8 Dodging
 + Level 2.6 Shields


You had 10 spell levels left.
You didn't know any spells.
Your spell library was empty.

Dungeon Overview and Level Annotations

Branches:
Dungeon (9/15)             Temple (0/1) D:5            Lair (0/6) D:9
    Orc (0/2) D:9           Sewer (visited)

Altars:
Dithmenos
Kikubaaqudgha
Vehumet
The Shining One

Shops:
D:1 ?


Innate Abilities, Weirdness & Mutations

You are immune to sickness and miasma.
Your stone body is resilient. (AC +8)
You are immune to poison.
You resist negative energy. (rN+)
You are resistant to electric shocks. (rElec)
You are resistant to unholy torment.
You are immune to petrification.


Message History

The death yak gores you!
You hit the death yak.
The death yak is heavily wounded.
The death yak closely misses you.
You barely miss the death yak.
The death yak is heavily wounded.
You are no longer berserk.
You are exhausted.
You feel yourself slow down. The death yak gores you. x2
You are too injured to fight recklessly!
You are too injured to fight recklessly!
You are too injured to fight recklessly!
You are too injured to fight recklessly!
You are too injured to fight recklessly!
You are too injured to fight recklessly!
You are too injured to fight recklessly!
You are too injured to fight recklessly!
You are too injured to fight recklessly!
You are too injured to fight recklessly!
You are too injured to fight recklessly!
You are too injured to fight recklessly!
You are too injured to fight recklessly!
You are too injured to fight recklessly!
You are too injured to fight recklessly!
You are too injured to fight recklessly!
You are too injured to fight recklessly!
You are too injured to fight recklessly!
You are too injured to fight recklessly!
You hit the death yak but do no damage.
You feel the effects of Trog's Hand fading.
The death yak gores you!
* * * LOW HITPOINT WARNING * * *
The death yak gores you but does no damage.
The death yak gores you!
* * * LOW HITPOINT WARNING * * *
You barely miss the death yak. The death yak completely misses you.
The death yak gores you!
* * * LOW HITPOINT WARNING * * *
The death yak gores you!
You die...

#...........##..#.)#.........
#....###........##...........
#.....#......##.#............
####...[....#...................
##.#................##...........
#.........#>..#.#..###...........
#.[..<....##.##....#.............
#.....Y...#..#....###............
##.............Y@.#.#...........#
############.#YY...............#
#....).)###.Y##.##...........#
#.≈._)≈.# ##.#####............
#.≈...≈.# #.##...............
#.≈≈≈≈≈.####.##........[).....
#.......##...#..###...........
###'''###........##.#........#
#..............#..#.).....##


You could see 4 death yaks.

Vanquished Creatures
  Erica (D:8)
  5 death yaks
  A cyclops (D:9)
  A troll (D:8)
  Grinder (D:5)
  Prince Ribbit (D:5)
  Sigmund (D:2)
  A wyvern (D:9)
  7 yaks
  Eustachio (D:5)
  Menkaure (D:3)
  2 water moccasins
  A swamp drake (D:9)
  3 orc warriors (D:9)
  3 sky beasts
  2 centaurs
  An ogre (D:5)
  3 kobold brigands
  Blork the orc (D:4)
  5 bullfrogs
  A wyvern zombie (D:8)
  A gnoll sergeant (D:6)
  2 scorpions
  A water moccasin skeleton (D:6)
  10 killer bees
  17 wights
  A howler monkey (D:7)
  2 centaur zombies
  A jelly (D:7)
  A centaur skeleton (D:5)
  A hound (D:6)
  3 orc priests
  4 iguanas
  8 orc wizards
  A killer bee zombie (D:5)
  A howler monkey skeleton (D:4)
  6 adders
  4 gnolls (D:6)
  A river rat (D:5)
  An ufetubus (D:4)
  An adder skeleton (D:4)
  A worm (D:4)
  2 dart slugs
  29 orcs
  7 ball pythons
  6 bats
  6 endoplasms
  9 giant cockroaches
  6 hobgoblins
  3 jackals (Sewer)
  19 kobolds
  6 quokkas
  3 frilled lizards
  3 goblins
  3 rats
213 creatures vanquished.

Notes
Turn   | Place    | Note
-------+----------+-------------------------------------------
     0 | D:1      | danielguo94 the Gargoyle Berserker began the quest for the
                  | Orb.
     0 | D:1      | Reached XP level 1. HP: 14/14 MP: 1/1
    96 | D:1      | You fall into a shaft and drop 1 floor!
   216 | D:1      | Reached XP level 2. HP: 19/19 MP: 2/2
   633 | D:1      | Reached XP level 3. HP: 24/24 MP: 3/3
   814 | D:1      | Reached ** piety under Trog
   987 | D:1      | Found Metiop's Magic Scroll Shop.
   995 | D:1      | Bought a scroll of magic mapping for 42 gold pieces
  1723 | D:2      | Noticed Sigmund
  1734 | D:2      | Killed Sigmund
  1735 | D:2      | Reached XP level 4. HP: 30/30 MP: 4/4
  1735 | D:2      | Reached XP level 5. HP: 34/34 MP: 5/5
  1840 | D:2      | Reached skill level 5 in Maces & Flails
  1840 | D:2      | Reached XP level 6. HP: 39/39 MP: 6/6
  2071 | D:3      | Found a faded altar of an unknown god.
  2922 | D:4      | Noticed Menkaure
  2942 | D:3      | Killed Menkaure
  2993 | D:4      | Noticed Blork the orc
  3010 | D:4      | Killed Blork the orc
  3011 | D:4      | Reached XP level 7. HP: 23/44 MP: 7/7
  3849 | D:5      | Entered Level 5 of the Dungeon
  3875 | D:5      | Reached skill level 5 in Fighting
  3955 | D:5      | Found a glowing drain.
  4119 | Sewer    | Entered a sewer
  4510 | D:5      | Reached XP level 8. HP: 50/50 MP: 8/8
  4565 | D:5      | Noticed Prince Ribbit
  4692 | D:5      | Killed Prince Ribbit
  4693 | D:5      | Reached skill level 5 in Armour
  4924 | D:5      | Noticed Grinder
  4931 | D:5      | Killed Grinder
  5274 | D:5      | Noticed Eustachio
  5295 | D:5      | Killed Eustachio
  5721 | D:5      | Found a staircase to the Ecumenical Temple.
  5793 | D:6      | Reached XP level 9. HP: 55/55 MP: 9/9
  7558 | D:7      | Reached *** piety under Trog
  8454 | D:8      | Noticed Erica
  8480 | D:8      | Reached skill level 1 in Shields
  8480 | D:8      | Reached XP level 10. HP: 63/63 MP: 10/10
  8737 | D:8      | Found a glowing golden altar of the Shining One.
  8753 | D:8      | Found an ancient bone altar of Kikubaaqudgha.
  8904 | D:8      | Identified the +7 hand axe of Fee Simple {freeze, rC+}
  8924 | D:8      | Killed Erica
  8925 | D:8      | Reached skill level 10 in Maces & Flails
  9446 | D:9      | Noticed a death yak
  9910 | D:9      | Reached skill level 1 in Axes
 10095 | D:9      | Found a staircase to the Lair.
 10095 | D:9      | Noticed a death yak
 10095 | D:9      | Noticed a death yak
 10095 | D:9      | Noticed a death yak
 10095 | D:9      | Noticed a death yak
 10130 | D:8      | Killed a death yak
 10137 | D:8      | Killed a death yak
 10138 | D:8      | Reached skill level 10 in Armour
 10569 | D:8      | Reached XP level 11. HP: 17/69 MP: 11/11
 11002 | D:9      | Noticed a cyclops
 11014 | D:9      | Killed a cyclops
 11328 | D:9      | Found a shadowy altar of Dithmenos.
 11730 | D:9      | Found a staircase to the Orcish Mines.
 11885 | D:9      | Found a radiant altar of Vehumet.
 11986 | D:9      | Noticed a death yak
 12028 | D:8      | Killed a death yak
 12095 | D:9      | Noticed a death yak
 12095 | D:9      | Noticed a death yak
 12126 | D:9      | Noticed a death yak
 12135 | D:9      | Killed a death yak
 12144 | D:9      | HP: 2/71 [death yak (11)]
 12494 | D:9      | Killed a death yak
 12500 | D:9      | HP: 1/71 [death yak (8)]
 12500 | D:9      | Mangled by a death yak

Illustrated notes

Levels and vault maps discovered:
D:1:      dpeg_arrival_water_fire, layout_basic, serial_shops,
          nicolae_shop_crystal, minmay_close_crescents
D:2:      layout_loops_cross, uniq_sigmund
D:3:      layout_basic, nicolae_ecumenical_pavilion
D:4:      layout_loops_ring, uniq_menkaure, uniq_blork_the_orc
D:5:      layout_basic, minmay_temple_entry_statues, gup_sewer_entry_bowl,
          nicolae_fountain_basement, uniq_prince_ribbit1, uniq_eustachio,
          uniq_grinder
D:6:      layout_layer_cave
D:7:      layout_basic
D:8:      layout_basic, mainiacjoe_overflow_big_doors,
          kennysheep_generic_room_5, uniq_erica
D:9:      layout_cave_pools, mainiacjoe_overflow_alcove_4,
          grunt_dithmenos_smoke, dpeg_lair_monsters, erik_orc_1,
          minmay_sticks_and_stones

Skill      XL: |  1  2  3  4  5  6  7  8  9 10 11 |
---------------+----------------------------------+-----
Fighting       | 4 5 6 7 8 9 |  9.5
Maces & Flails | 4 5 6 8 9 10 11 | 11.3
Armour         | 3 4 6 8 10 11 | 11.1
Dodging        | 2 3 |  3.8
Shields        | 1 2 |  2.6
Axes           | 3 |  3.0

Action                   |  1- 3 |  4- 6 |  7- 9 | 10-12 || total
-------------------------+-------+-------+-------+-------++-------
Melee: Mace              |    95 |    76 |   230 |       ||   401
       Punch             |       |       |     5 |       ||     5
       Flail             |       |       |   149 |   288 ||   437
       Hand axe          |       |       |       |    43 ||    43
Invok: Berserk           |     1 |     3 |     9 |    10 ||    23
       Trog's Hand       |       |       |     2 |     3 ||     5
  Use: Scroll            |     1 |     3 |     8 |     6 ||    18
       Potion            |       |       |       |     1 ||     1
 Stab: Sleeping          |     1 |       |       |       ||     1
Armor: Animal skin       |    27 |       |       |       ||    27
       Chain mail        |     8 |    44 |   293 |   178 ||   523
Dodge: Dodged            |    63 |    39 |   195 |   128 ||   425
Block: Buckler           |       |       |    14 |    41 ||    55
